 Dungeon Crawl Stone Soup version 0.16.1-2-g95b8d4c (console) character file.

20 gw the Ducker (level 2, 0/14 HPs)
             Began as a Spriggan Summoner on Mar 26, 2015.
             Slain by a giant gecko (2 damage)
             ... on level 2 of the Dungeon.
             The game lasted 00:01:50 (1496 turns).

gw the Ducker (Spriggan Summoner)                   Turns: 1496, Time: 00:01:50

Health: 0/14       AC:  2    Str:  4    XL:     2   Next: 58%
Magic:  0/7        EV: 18    Int: 16    God:
Gold:   74         SH:  0    Dex: 16    Spells: 1 memorised, 5 levels left

rFire  . . .     SeeInvis +     a - +0 dagger
rCold  . . .     Clarity  +     c - +0 robe
rNeg   . . .     SustAb   .     (shield restricted)
rPois  .         Gourm    .     (helmet restricted)
rElec  .         Spirit   .     (no cloak)
rCorr  .         Warding  .     (gloves unavailable)
rMut   .         Stasis   .     (boots unavailable)
MR     .....                    k - amulet of clarity
Stlth  +++.......               (no ring)
                                (no ring)

@: very slightly contaminated, very quick, not resistant to hostile
enchantments, fairly stealthy
A: unfitting armour, see invisible, herbivore 3, speed 3, slow metabolism 2
a: no special abilities


You were on level 2 of the Dungeon.
You were very full.

You visited 1 branch of the dungeon, and saw 2 of its levels.

You collected 74 gold pieces.

Inventory:

Hand weapons
 a - a +0 dagger (weapon)
Missiles
 d - 5 sling bullets
 n - 17 stones (quivered)
Armour
 c - a +0 robe (worn)
Jewellery
 k - an amulet of clarity (around neck)
Books
 b - a book of Callings

   Spells                             Type                      Level
   a - Summon Small Mammal            Summoning                    1
   b - Call Imp                       Summoning                    2
   c - Call Canine Familiar           Summoning                    3
   d - Summon Guardian Golem          Hexes/Summoning              4
   e - Summon Lightning Spire         Summoning/Air                4
   f - Summon Ice Beast               Ice/Summoning                4


   Skills:
 + Level 1.0 Fighting
 * Level 1.4 Short Blades
 + Level 3.4 Dodging
 - Level 3.0 Stealth
 - Level 2.6 Spellcasting
 - Level 3.2 Summonings


You had 5 spell levels left.
You knew the following spells:

 Your Spells              Type           Power        Failure   Level  Hunger
a - Summon Small Mammal   Summ           ##..         8%          1    #......


Dungeon Overview and Level Annotations

Branches:
Dungeon (2/15)

Altars:


Innate Abilities, Weirdness & Mutations

You are tiny and cannot use many weapons and most armour.
You have supernaturally acute eyesight.
You are a herbivore.
You cover ground extremely quickly.
You need consume almost no food.


Message History

ATTACKING (-1,0)
You closely miss the ball python.
The ball python is severely wounded.
The ball python closely misses you. The ball python constricts you.
Unknown command.
Unknown command.
Unknown command.
Unknown command.
FLEEEEING!
ATTACKING (-1,0)
You hit the ball python.
You kill the ball python!
Unknown command.
Unknown command.
Unknown command.
Unknown command.
FLEEEEING!
ATTACKING (-1,0)
You closely miss the giant gecko. The giant gecko bites you.
You die...

. .# .# .# .
##.##### ..>
#........
......#####..###.#
%....bblirbr....#
#....######r#...#
. . #.#...## #..
#......###..#
#.........#.#
#...".......#
#........######
#..#.#%.##.....
##.......##.....


You could see a giant gecko, 2 bats, a friendly bat and 3 friendly rats.

Table legend:
 A = Turns spent in this place as a percentage of turns spent in the entire game.
 B = Non-inter-level travel turns spent in this place as a percentage of non-inter-level travel turns spent in the entire game.
 C = Inter-level travel turns spent in this place as a percentage of turns spent in this place.
 D = Turns resting spent in this place as a percentage of non-inter-level travel turns spent in this place.
 E = Turns spent auto-exploring this place as a percentage of non-inter-level travel turns spent in this place.
 F = Non-inter-level travel turns spent in this place divided by the number of levels of this place that you've seen.
                   A       B       C       D       E      F
               +-------+-------+-------+-------+-------+----------------------
         Total | 100.0 | 100.0 |   0.0 |   1.2 |   2.4 | 1287.5
       Dungeon | 100.0 | 100.0 |   0.0 |   1.2 |   2.4 | 1287.5
               +-------+-------+-------+-------+-------+----------------------

Table legend:
 A = Kills in this place as a percentage of kills in entire the game.
 B = Kills by you in this place as a percentage of kills by you in the entire game.
 C = Kills by friends in this place as a percentage of kills by friends in the entire game.
 D = Other kills in this place as a percentage of other kills in the entire game.
 E = Experience gained in this place as a percentage of experience gained in the entire game.
 F = Experience gained in this place divided by the number of levels of this place that you have seen.
                   A       B       C       D       E      F
               +-------+-------+-------+-------+-------+----------------------
         Total | 100.0 | 100.0 | 100.0 |  -nan | 100.0 |  14.5
       Dungeon | 100.0 | 100.0 | 100.0 |  -nan | 100.0 |  14.5
               +-------+-------+-------+-------+-------+----------------------

Vanquished Creatures
  A giant gecko (D:1)
  2 ball pythons
  A giant cockroach (D:1)
  2 jackals (D:2)
  A giant newt (D:1)
  A kobold (D:2)
8 creatures vanquished.

Vanquished Creatures (collateral kills)
  A giant cockroach (D:2)
  2 hobgoblins (D:1)
  3 kobolds (D:1)
  3 bats (D:1)
  A giant newt (D:1)
  5 rats
15 creatures vanquished.

Vanquished Creatures (others)
  2 bats (D:1)
  3 rats (D:1)
5 creatures vanquished.

Grand Total: 28 creatures vanquished

Notes
Turn   | Place    | Note
--------------------------------------------------------------
     0 | D:1      | gw, the Spriggan Summoner, began the quest for the Orb.
     0 | D:1      | Reached XP level 1. HP: 9/9 MP: 4/4
   458 | D:1      | Reached skill level 1 in Fighting
   458 | D:1      | Reached XP level 2. HP: 5/14 MP: 0/7
   830 | D:1      | Reached skill level 1 in Short Blades
  1496 | D:2      | Slain by a giant gecko

Action                   || total
-------------------------++-------
Melee: Dagger            ||    64
       Unarmed           ||     2
 Cast: Summon Small Mamm ||    67
  Use: Scroll            ||     5
       Potion            ||     3
 Stab: Distracted        ||     1
  Eat: Bread ration      ||     1

Vault maps used:
D:1:      dpeg_arrival_long_road
D:2:      grunt_temple_overflow_open, lemuel_crystal_altar, tso_oasis_becter,
          led_sif_pool
